 Dungeon Crawl Stone Soup version 0.25-a0-105-g2289b3b9f1 (webtiles) character file.

Game seed: 1292092000756459320, levelgen mode: deterministic

16 Arixos the Digger (level 2, 0/20 HPs)
             Began as a Vampire Earth Elementalist on Nov 16, 2019.
             Slain by a gnoll
             ... wielding a +0 spear
              (9 damage)
             ... on level 1 of the Dungeon.
             The game lasted 00:03:17 (336 turns).

Arixos the Digger (Vampire Earth Elementalist)       Turns: 336, Time: 00:03:17

Health: 0/20       AC:  5    Str:  7    XL:     2   Next: 41%
Magic:  1/5        EV: 10    Int: 17    God:
Gold:   13         SH:  0    Dex: 14    Spells: 4/5 levels left

rFire    . . .     SeeInvis +   c - +0 dagger
rCold    . . .     Gourm    .   (no shield)
rNeg     . . .     Faith    .   d - +0 ring mail
rPois    .         Spirit   .   (no helmet)
rElec    .         Reflect  .   (no cloak)
rCorr    .         Harm     .   (no gloves)
MR       .....                  (no boots)
Stlth    ++........             (no amulet)
HPRegen  0.26/turn              (no ring)
MPRegen  0.09/turn              (no ring)

@: very slightly contaminated, regenerating quickly
A: no food, fangs 3, see invisible, unbreathing
a: Exsanguinate


You were on level 1 of the Dungeon.
You were alive.

You visited 1 branch of the dungeon, and saw 1 of its levels.

You collected 13 gold pieces.

Inventory:

Hand Weapons
 c - a +0 dagger (weapon)
Missiles
 b - 33 stones (quivered)
Armour
 d - a +0 ring mail (worn)
Potions
 a - a potion of agility {unknown}


   Skills:
 + Level 0.6 Fighting
 + Level 2.5 Dodging
 - Level 3.0 Stealth
 + Level 2.2 Spellcasting
   Level 1.1 Transmutations
 * Level 3.2 Earth Magic


You had 4 spell levels left.
You knew the following spells:

 Your Spells              Type           Power        Failure   Level  Hunger
a - Sandblast             Erth           ##....       17%         1    N/A

Your spell library contained the following spells:

 Spells                   Type           Power        Failure   Level  Hunger
 Passwall                 Tmut/Erth      #.......     38%         2    N/A
 Stone Arrow              Conj/Erth      #.....       71%         3    N/A
 Petrify                  Tmut/Erth      #.......     95%         4    N/A
 Lee's Rapid Deconstruct  Erth           ##........   99%         5    N/A

Dungeon Overview and Level Annotations

Branches:
Dungeon (1/15)

Altars:


Innate Abilities, Weirdness & Mutations

You do not eat.
Your natural rate of healing is unusually fast.
You have razor-sharp teeth.
You have supernaturally acute eyesight. (SInv)
You can survive without breathing.


Message History

The frilled lizard bites you.
You hit the frilled lizard.
The frilled lizard is heavily wounded.
The frilled lizard barely misses you.
You barely miss the frilled lizard.
You bite the frilled lizard, but do no damage.
The frilled lizard is heavily wounded.
The frilled lizard closely misses you.
The gnoll hits you from afar with a +0 spear.
You hit the frilled lizard.
You kill the frilled lizard!
The gnoll hits you from afar with a +0 spear.
You are too injured to fight recklessly!
The gnoll hits you with a +0 spear.
Things that are here:
a +0 club; a frilled lizard corpse You hit the gnoll.
The gnoll is lightly wounded.
The gnoll hits you with a +0 spear!
You die...

###...##....###..#
.....###........#
...........[....####
##...###...........#
##...# ####.#.#..#.#
##...# #.#.#.!#
.#...# #.#.#..#
#....# #.#.#..#
##...## #.....@#
#.....# #......g...#
.###..#
#.##..........# ##
#..# ## #.#..#?#####
# #..######.....)..
# #....)............
# ##.####.##..###
### # ###.####.##..
# #...........


You could see a gnoll.

Vanquished Creatures
  A dart slug (D:1)
  A leopard gecko (D:1)
  2 hobgoblins (D:1)
  A kobold (D:1)
  2 bats (D:1)
  2 frilled lizards (D:1)
  3 goblins (D:1)
  A rat (D:1)
13 creatures vanquished.

Notes
Turn   | Place    | Note
-------+----------+-------------------------------------------
     0 | D:1      | Arixos the Vampire Earth Elementalist began the quest for
                  | the Orb.
     0 | D:1      | Reached XP level 1. HP: 13/13 MP: 3/3
   141 | D:1      | Reached XP level 2. HP: 20/20 MP: 3/5
   336 | D:1      | Slain by a gnoll

Levels and vault maps discovered:
D:1:      elethiomel_arrival_quiet, layout_loops_ring

Action                   || total
-------------------------++-------
Melee: Unarmed           ||     1
       Dagger            ||     5
       Bite              ||     1
 Cast: Sandblast         ||    13
Dodge: Dodged            ||     3

Table legend:
 A = Non-vault XP
 B = Vault XP
 C = Vault XP percentage of total XP
 D = Non-vault monster count
 E = Vault monster count
 F = Vault count percentage of total count
                 A         B        C        D         E       F
            +---------+---------+-------+---------+---------+-------
      Total |      24 |       0 |   0.0 |      13 |       0 |   0.0
            +---------+---------+-------+---------+---------+-------
        D:1 |      24 |       0 |   0.0 |      13 |       0 |   0.0
            +---------+---------+-------+---------+---------+-------
